 Dungeon Crawl Stone Soup version 0.17-a0-1942-g46ae386 (webtiles) character file.

108374 orkhleb the Severer (level 16, -14/147 HPs)
             Began as a Hill Orc Fighter on Sept 30, 2015.
             Was the Champion of Makhleb.
             Demolished by a white very ugly thing (28 damage)
             ... on level 2 of the Abyss on Oct 1, 2015.
             The game lasted 01:41:19 (27449 turns).

orkhleb the Severer (Hill Orc Fighter)             Turns: 27449, Time: 01:41:20

Health: -14/147    AC: 20    Str: 23 (25) XL:     16   Next: 49%
Magic:  18/19      EV:  9    Int:  3 (4)  God:    Makhleb [******]
Gold:   2255       SH: 19    Dex: 11      Spells: 0 memorised, 15 levels left

rFire  + . .     SeeInvis .     a - +2 war axe (elec)
rCold  . . .     Rnd*Rage +     l - +0 plate armour
rNeg   + . .     SustAt   .     I - +0 large shield
rPois  +         Gourm    .     u - +1 helmet
rElec  .         Spirit   .     S - +0 cloak
rCorr  .         Warding  .     G - +2 pair of gloves {Str+3}
rMut   .         Stasis   .     m - +0 pair of boots
MR     +....                    D - amulet of regeneration
Stlth  ..........               g - ring "Quluife" {+Fly rF+ rN+}
                                s - ring of poison resistance

@: mighty, somewhat resistant to hostile enchantments, extremely unstealthy
A: berserk 3, blurry vision 2, clumsy 2, deformed body, deterioration 1, dopey
2, low mp 2, slow healing 1, weak 2, no device heal 1, subdued magic 1
a: Minor Destruction, Lesser Servant of Makhleb, Major Destruction, Greater
Servant of Makhleb, Renounce Religion, Evoke Flight


You were on level 2 of the Abyss.
You worshipped Makhleb.
Makhleb was exalted by your worship.
You were near starving.

You visited 4 branches of the dungeon, and saw 28 of its levels.
You visited the Abyss 2 times.
You also visited: Ice Cave.

You collected 3248 gold pieces.
You spent 993 gold pieces at shops.

Inventory:

Hand weapons
 a - a +2 war axe of electrocution (weapon)
 b - a +1 hand axe of flaming
 p - the +1 hand crossbow of Change {velocity, -Tele rElec rPois}
   (You bought it in a shop on level 4 of the Orcish Mines)

   Any bolt fired from it inflicts extra damage.
   It insulates you from electricity.
   It protects you from poison.
   It prevents most forms of teleportation.
 J - a +0 broad axe
Missiles
 q - 39 tomahawks (quivered)
Armour
 l - a +0 plate armour (worn)
 m - a +0 pair of boots (worn)
 u - a +1 helmet (worn)
 G - a +2 pair of gloves of strength (worn)
 I - a +0 large shield (worn)
 O - a +1 chain mail of magic resistance
 S - a +0 cloak (worn)
Jewellery
 g - the ring "Quluife" (right hand) {+Fly rF+ rN+}
   (You found it on level 7 of the Lair of Beasts)

   [ring of flight]

   It protects you from fire.
   It protects you from negative energy.
   It lets you fly.
 s - a ring of poison resistance (left hand)
 D - an amulet of regeneration (around neck)
 M - an uncursed amulet of resist corrosion
 U - an uncursed ring of protection from fire
 W - an uncursed ring of flight
 Z - a cursed amulet of guardian spirit {unknown}
Magical devices
 F - a wand of disintegration (9)
 P - a wand of heal wounds (2)
 Y - a wand of digging (6)
Scrolls
 c - 2 scrolls of amnesia
 j - 3 scrolls of teleportation
 r - 8 scrolls of remove curse
 v - 2 scrolls of noise
 x - 3 scrolls of enchant armour
 y - 2 scrolls of enchant weapon
 B - a scroll of holy word
 C - 3 scrolls of recharging {unknown}
 E - 3 scrolls of magic mapping {unknown}
 H - 3 scrolls of blinking
 K - 2 scrolls of fog {unknown}
 Q - 2 scrolls of fear
 V - 3 scrolls of identify
Potions
 d - 2 potions of might
 h - 18 potions of curing
 k - a potion of resistance
 n - 5 potions of flight
 w - a potion of brilliance
 z - 2 potions of invisibility
 A - 5 potions of haste
 N - 2 potions of agility
 R - 4 potions of lignification
 T - a potion of heal wounds
Books
 X - a book of Spatial Translocations

   Spells                             Type                      Level
   a - Apportation                    Translocation                1
   b - Blink                          Translocation                2
   c - Shroud of Golubria             Charms/Translocation         2
   d - Portal Projectile              Translocation                3
   e - Teleport Other                 Translocation                3
   f - Passage of Golubria            Translocation                4
Comestibles
 e - 15 bread rations
 f - 9 beef jerkies
 i - 6 meat rations
 o - a royal jelly
 t - 7 slices of pizza
 L - 7 fruits


   Skills:
 + Level 14.6 Fighting
 + Level 15.5 Axes
 + Level 13.7 Armour
 * Level 11.0 Dodging
 + Level 13.7 Shields
 + Level 11.5 Invocations


You had 15 spell levels left.
You didn't know any spells.

Dungeon Overview and Level Annotations

Branches:
Dungeon (15/15)            Temple (1/1) D:5            Lair (8/8) D:8
 Shoals (0/4) Lair:4       Spider (0/4) Lair:5        Slime (0/6) Lair:6
    Orc (4/4) D:9             Elf (0/3) Orc:3        Vaults (0/5) D:13
 Depths: D:15

Altars:
Ashenzari
Cheibriados
Dithmenos
Elyvilon
Fedhas
Gozag
Kikubaaqudgha
Makhleb
Nemelex Xobeh
Okawaru
Qazlal
Ru
Sif Muna
Trog
Vehumet
Xom
Yredelemnul
Zin
The Shining One
Beogh

Shops:
D:9 *   D:11 =   D:14 =   Orc:4 :*[(

Annotations:
D:15 Louise


Innate Abilities, Weirdness & Mutations

[You have an uncontrollable temper.]
[Scrolls take you longer to read.]
[You are very clumsy. (Dex -4)]
[Armour fits poorly on your strangely shaped body.]
[Your body sometimes deteriorates upon taking damage.]
[You are very dopey. (Int -4)]
[Your magical capacity is very low (-20% MP).]
[You heal slowly when monsters are visible.]
[You are very weak. (Str -4)]
[Potions and wands are less effective at restoring your health.]
[Your spells are a little easier to cast, but a little less powerful.]


Message History

Zapping:
P - a wand of heal wounds (4)
Press: ? - help, Shift-Dir - straight line, f - you You feel much better.
This wand has 3 charges left.
The white imp gestures at you. You block the puff of frost.
You block the white very ugly thing's attack.
The white very ugly thing kicks you.
The white very ugly thing freezes you!!!
* * * LOW HITPOINT WARNING * * *
The purple ugly thing basks in the mutagenic energy from its kin and changes!
The white imp gestures at you. The puff of frost hits you!
Zapping:
P - a wand of heal wounds (3)
Press: ? - help, Shift-Dir - straight line, f - you You feel much better.
This wand has 2 charges left.
The white very ugly thing bites you but does no damage.
The white very ugly thing kicks you!
* * * LOW HITPOINT WARNING * * *
The white very ugly thing freezes you!!
You die...

...... ... # #
....... .......
#..... ....... .
##.... ........)
.#....u .........
......X ........
....XXX##......# .
###.u5###. . #
...#.Xu@.#. ...#.
............... .
....#.....#.....#.
#... ##...###...##
##.## ##.## #.## .
. #... .# .....
.... ..# . ...
.... .. ... . .. #
.


You could see 3 starcursed masses, 2 very ugly things, 2 thrashing horrors and a
white imp.

Vanquished Creatures
  An orc warlord (Orc:4)
  Snorg (D:10)
  A blizzard demon (Abyss:2)
  8 vault guards (D:13)
  A fire dragon (Lair:8)
  2 rakshasas
  8 hydras
  2 catoblepae (Lair:6)
  3 centaur warriors
  4 tengu warriors
  3 orc high priests (Orc:4)
  5 death yaks (Lair:6)
  Urug (D:13)
  Sonja (Lair:4)
  A fire crab (shapeshifter) (D:13)
  A wretched star (Abyss:2)
  2 unseen horrors
  5 orc knights
  3 ice statues (IceCv)
  4 hill giants
  5 orc sorcerers
  2 ugly things
  The ghost of Phlounder the Lightning Rod, an experienced DsWn of Qazlal (D:7)
  A manticore (D:11)
  A shadow dragon skeleton (Abyss:2)
  A griffon (D:13)
  4 sirens (Lair:4)
  10 elephants
  The ghost of ActionAutist the Hand of Fortune, an experienced FeAr of Nemelex Xobeh (Lair:5)
  A cyclops (D:12)
  Maurice (D:9)
  Joseph (D:9)
  2 gargoyles
  A torpor snail (Lair:8)
  2 black mambas
  14 spiny frogs
  13 komodo dragons
  A spriggan druid (Lair:8)
  8 trolls
  6 fire drakes
  2 tengu conjurers (D:13)
  2 polar bears
  A polar bear (shapeshifter) (D:13)
  6 two-headed ogres
  Grinder (D:5)
  5 flying skulls
  A shadow (D:15)
  22 blink frogs
  11 starcursed masses (Abyss:2)
  Sigmund (D:5)
  2 wraiths
  A ynoxinul (Abyss:2)
  2 hungry ghosts
  3 wyverns
  12 hippogriffs
  70 yaks
  A human (shapeshifter) (D:14)
  5 basilisks
  A large abomination (Abyss:2)
  11 wolves
  4 deep elf magi
  A human (D:7)
  5 mottled dragons
  2 wargs
  The ghost of tedric the Vexing, an average KoEn (D:4)
  2 small abominations (Abyss:2)
  18 water moccasins
  A phantom (D:5)
  2 sky beasts (D:9)
  17 porcupines
  2 black bears
  8 spiders (Lair:5)
  11 ogres
  2 swamp drakes (Lair:8)
  37 orc warriors
  10 ice beasts
  An eye of draining (D:10)
  20 centaurs
  A snapping turtle skeleton (Abyss:2)
  19 giant frogs
  16 crocodiles
  2 big kobolds
  3 wyvern zombies
  11 wights
  3 scorpions
  3 killer bees (D:8)
  An electric eel (Lair:7)
  8 crimson imps
  A wasp zombie (D:13)
  A giant frog zombie (D:7)
  33 orc priests
  3 centaur skeletons
  3 giant frog skeletons
  2 quasits
  3 hounds
  9 iguanas
  8 jellies
  42 orc wizards
  An iron imp (Abyss:2)
  Natasha (thrice) (D:3)
  6 hell rats (Lair:3)
  18 sheep
  14 worker ants
  A hound zombie (D:9)
  A worker ant zombie (D:11)
  Robin (D:3)
  68 river rats
  9 adders
  3 shadow imps
  2 adder skeletons (D:6)
  5 worms
  5 giant geckos
  174 orcs
  3 ball pythons
  6 bats
  5 giant cockroaches
  12 goblins
  9 hobgoblins
  10 jackals
  6 kobolds
  6 quokkas
  A ball python zombie (D:5)
  A giant gecko skeleton (D:9)
  A giant gecko zombie (D:6)
  4 giant newts
  A jackal zombie (D:6)
  11 rats
  A spectral orc (D:6)
  A butterfly (D:5)
  15 fungi
  8 plants
1021 creatures vanquished.

Vanquished Creatures (others)
  2 flying skulls (Abyss:2)
  7 fungi
  7 plants
16 creatures vanquished.

Grand Total: 1037 creatures vanquished

Notes
Turn   | Place    | Note
--------------------------------------------------------------
     0 | D:1      | orkhleb the Hill Orc Fighter began the quest for the Orb.
     0 | D:1      | Reached XP level 1. HP: 19/19 MP: 1/1
   372 | D:1      | Reached XP level 2. HP: 24/27 MP: 2/2
   681 | D:1      | Reached XP level 3. HP: 23/33 MP: 3/3
   964 | D:2      | Reached skill level 4 in Armour
  1150 | D:2      | Found a shimmering altar of Xom.
  1279 | D:2      | Reached XP level 4. HP: 32/40 MP: 4/4
  1757 | D:3      | Noticed Natasha
  1765 | D:3      | Killed Natasha
  1886 | D:3      | Found an opulent altar of Gozag.
  1966 | D:3      | Noticed Natasha
  1984 | D:3      | Killed Natasha
  1984 | D:3      | Reached XP level 5. HP: 42/47 MP: 5/5
  2100 | D:3      | Noticed Robin
  2103 | D:3      | Noticed Natasha
  2105 | D:3      | Killed Robin
  2110 | D:3      | Killed Natasha
  2859 | D:4      | Noticed tedric's ghost (average KoEn)
  2893 | D:5      | Entered Level 5 of the Dungeon
  2893 | D:5      | Noticed Grinder
  2898 | D:5      | Paralysed by Grinder for 5 turns
  2903 | D:5      | Reached XP level 6. HP: 25/55 MP: 6/6
  2908 | D:5      | Killed Grinder
  2908 | D:5      | Reached skill level 5 in Fighting
  2908 | D:5      | Reached skill level 5 in Axes
  2908 | D:5      | Reached skill level 5 in Armour
  2908 | D:5      | Reached XP level 7. HP: 17/61 MP: 7/7
  2909 | D:5      | Reached skill level 5 in Shields
  3701 | D:4      | Found an iron altar of Okawaru.
  3809 | D:4      | Killed tedric's ghost
  3979 | D:4      | Found a white marble altar of Elyvilon.
  3979 | D:4      | Found a sparkling altar of Nemelex Xobeh.
  3979 | D:4      | Found a stormy altar of Qazlal.
  3979 | D:4      | Found a glowing silver altar of Zin.
  4218 | D:5      | Noticed an ice beast
  4221 | D:5      | Killed an ice beast
  4251 | D:5      | Noticed Sigmund
  4261 | D:5      | Killed Sigmund
  4261 | D:5      | Reached skill level 6 in Fighting
  4261 | D:5      | Reached XP level 8. HP: 62/70 MP: 8/8
  4337 | D:5      | Noticed an ogre
  4352 | D:5      | Killed an ogre
  4409 | D:5      | Found a staircase to the Ecumenical Temple.
  4420 | Temple   | Entered the Ecumenical Temple
  4674 | Temple   | Became a worshipper of Makhleb the Destroyer
  4690 | D:5      | Noticed a phantom
  4723 | D:5      | Killed a phantom
  4872 | D:5      | Reached skill level 7 in Axes
  5035 | D:6      | Found a basalt altar of Yredelemnul.
  5791 | D:6      | Reached XP level 9. HP: 79/79 MP: 9/9
  5870 | D:6      | Reached skill level 8 in Axes
  5936 | D:6      | Acquired Makhleb's first power
  6043 | D:7      | Noticed Phlounder's ghost (experienced DsWn)
  6092 | D:7      | Killed Phlounder's ghost
  6428 | D:7      | Reached skill level 9 in Axes
  6849 | D:8      | Acquired Makhleb's second power
  6997 | D:8      | Reached XP level 10. HP: 74/91 MP: 10/10
  7192 | D:8      | Noticed a fire drake
  7193 | D:8      | Found a staircase to the Lair.
  7199 | D:8      | Killed a fire drake
  7586 | D:9      | Reached skill level 10 in Axes
  7770 | D:9      | Found a staircase to the Orcish Mines.
  7841 | D:9      | Acquired Makhleb's third power
  7879 | D:9      | Found Pppuzych's Practical Paraphernalia.
  8000 | D:9      | Noticed Joseph
  8019 | D:9      | Killed Joseph
  8182 | D:9      | Reached skill level 10 in Fighting
  8320 | D:9      | Reached skill level 11 in Axes
  8320 | D:9      | Reached XP level 11. HP: 100/100 MP: 11/11
  8405 | D:9      | Noticed Maurice
  8422 | D:9      | Killed Maurice
  8422 | D:9      | Reached skill level 10 in Armour
  8704 | D:9      | Acquired Makhleb's fourth power
  8833 | D:9      | Found a sacrificial altar of Ru.
  8966 | D:9      | Reached skill level 10 in Shields
  9048 | D:10     | Entered Level 10 of the Dungeon
  9398 | D:10     | Noticed Snorg
 10063 | D:11     | Reached skill level 1 in Invocations
 10067 | D:11     | Reached skill level 1 in Dodging
 10105 | D:11     | Found Pecviul's Jewellery Shop.
 10134 | D:11     | Reached skill level 12 in Axes
 10261 | D:11     | Noticed a hill giant
 10272 | D:11     | Killed a hill giant
 10373 | D:11     | Noticed a hill giant
 10385 | D:11     | Killed a hill giant
 10407 | D:11     | Noticed a hill giant
 10417 | D:11     | HP: 2/102 [hill giant/giant club (17)]
 10419 | D:11     | Killed a hill giant
 10419 | D:11     | Reached XP level 12. HP: 3/110 MP: 14/14
 10795 | D:11     | Noticed a seven-headed hydra
 10808 | D:11     | Killed a one-headed hydra
 10968 | D:11     | You fall through a shaft!
 11296 | D:12     | You fall through a shaft for 2 floors!
 11369 | D:13     | Acquired Makhleb's fifth power
 11904 | D:12     | Reached skill level 5 in Invocations
 12096 | Orc:1    | Entered Level 1 of the Orcish Mines
 13796 | Orc:3    | Found a staircase to the Elven Halls.
 14121 | Orc:4    | Entered Level 4 of the Orcish Mines
 14536 | Orc:4    | Found a roughly hewn altar of Beogh.
 14858 | Orc:4    | Reached skill level 5 in Dodging
 14947 | Orc:4    | Noticed an orc high priest
 15161 | Orc:4    | Killed an orc high priest
 15206 | Orc:4    | Reached XP level 13. HP: 92/117 MP: 17/17
 15279 | Orc:4    | Noticed an orc high priest
 15328 | Orc:4    | Killed an orc high priest
 15483 | Orc:4    | Reached skill level 13 in Axes
 15580 | Orc:4    | Noticed an orc warlord
 15603 | Orc:4    | Noticed an orc high priest
 15617 | Orc:4    | Killed an orc high priest
 15632 | Orc:4    | Killed an orc warlord
 15718 | Orc:4    | Found Daowupn's Antique Armour Shop.
 15719 | Orc:4    | Found Tomatwe's Antique Weapon Boutique.
 15721 | Orc:4    | Found Zangaw's General Store.
 15721 | Orc:4    | Found Plog's Book Shop.
 15767 | Orc:4    | Bought a scorched hand crossbow for 272 gold pieces
 15769 | Orc:4    | Bought a faintly glowing hat for 243 gold pieces
 15781 | Orc:4    | Bought a scroll of blinking for 97 gold pieces
 15784 | Orc:4    | Identified the cursed +1 hand crossbow of Change {velocity, -Tele rElec rPois} (You bought it in a shop on level 4 of the Orcish Mines)
 15817 | Orc:4    | Identified the +1 hat of Reon {Stlth+} (You bought it in a shop on level 4 of the Orcish Mines)
 15818 | Orc:4    | Bought a glowing helmet for 121 gold pieces
 16070 | D:9      | Bought an uncursed ring of poison resistance for 260 gold pieces
 16170 | Lair:1   | Entered Level 1 of the Lair of Beasts
 16815 | Lair:1   | Found a frozen archway.
 16834 | IceCv    | Entered an ice cave
 16876 | IceCv    | Got a smoking battleaxe
 17473 | IceCv    | Identified the +12 battleaxe of the Tooth {antimagic, Dex+4} (You found it in an ice cave)
 19805 | Lair:4   | Reached XP level 14. HP: 127/127 MP: 20/20
 19830 | Lair:4   | Noticed Sonja
 19842 | Lair:4   | Killed Sonja
 19895 | Lair:4   | Found a staircase to the Shoals.
 20603 | Lair:5   | Reached skill level 14 in Axes
 21172 | Lair:5   | Noticed ActionAutist's ghost (experienced FeAr)
 21189 | Lair:5   | Killed ActionAutist's ghost
 21311 | Lair:5   | Found a hole to the Spider Nest.
 22242 | Lair:6   | Found a staircase to the Slime Pits.
 23032 | Lair:7   | Reached XP level 15. HP: 136/136 MP: 22/22
 23087 | Lair:7   | Reached skill level 10 in Invocations
 23295 | Lair:7   | Got a coiled lead ring
 23804 | Lair:8   | Entered Level 8 of the Lair of Beasts
 25390 | D:10     | Killed Snorg
 25390 | D:10     | Reached skill level 10 in Dodging
 25580 | D:13     | Noticed a seven-headed hydra
 25595 | D:13     | Killed a one-headed hydra
 25628 | D:13     | Noticed Urug
 25636 | D:13     | Noticed a tengu warrior
 25646 | D:13     | Killed Urug
 25648 | D:13     | Killed a tengu warrior
 25648 | D:13     | Reached skill level 15 in Axes
 25678 | D:13     | Noticed an eight-headed hydra
 25690 | D:13     | Killed a four-headed hydra
 25707 | D:13     | Identified the ring "Quluife" {+Fly rF+ rN+} (You found it on level 7 of the Lair of Beasts)
 25810 | D:13     | Found a glowing golden altar of the Shining One.
 25965 | D:13     | Found a gate to the Vaults.
 25965 | D:13     | Noticed a vault guard
 25965 | D:13     | Noticed a vault guard
 25965 | D:13     | Noticed a vault guard
 25966 | D:13     | Noticed a vault guard
 25966 | D:13     | Noticed a vault guard
 25966 | D:13     | Noticed a vault guard
 25967 | D:13     | Noticed a vault guard
 25967 | D:13     | Noticed a vault guard
 25975 | D:13     | Killed a vault guard
 25984 | D:13     | Killed a vault guard
 25994 | D:13     | Killed a vault guard
 26002 | D:13     | Killed a vault guard
 26008 | D:13     | Killed a vault guard
 26018 | D:13     | Killed a vault guard
 26030 | D:13     | Killed a vault guard
 26037 | D:13     | Killed a vault guard
 26037 | D:13     | Reached XP level 16. HP: 146/146 MP: 24/24
 26394 | D:14     | Noticed a centaur warrior
 26403 | D:14     | Killed a centaur warrior
 26519 | D:14     | Noticed a seven-headed hydra
 26535 | D:14     | Killed a one-headed hydra
 26560 | D:14     | Found Jetus's Jewellery Shop.
 26832 | D:15     | Entered Level 15 of the Dungeon
 27013 | D:15     | Noticed Louise
 27029 | D:15     | Cast into the Abyss (Louise)
 27029 | Abyss:1  | Found a corrupted altar of Lugonu.
 27134 | Abyss:1  | Found an opulent altar of Gozag.
 27140 | D:15     | Escaped the Abyss
 27162 | D:15     | Cast into the Abyss (Louise)
 27185 | Abyss:2  | Found a corrupted altar of Lugonu.
 27241 | Abyss:2  | Found a corrupted altar of Lugonu.
 27430 | Abyss:2  | Paralysed by accursed screaming for 1 turns
 27449 | Abyss:2  | Demolished by a white very ugly thing

Vault maps used:
D:1:      dpeg_arrival_another_circle
D:2:      solitary_fountain, xom_teletrap_fun
D:3:      nicolae_gozag_seed_capital, item_on_display_a, uniq_robin,
          uniq_natasha
D:4:      kennysheep_little_box, grunt_temple_overflow_cloverleaf, first_bread
D:5:      minmay_temple_entry_butterflies, uniq_grinder, uniq_sigmund
D:6:      yredelemnul_forgotten_temple_becter, grunt_decor_resistance,
          dk_noncrumbling_2
D:7:      grunt_livestock
D:8:      minmay_lair_entry_lava, grunt_decor_one_mirror,
          mrwooster_statue_mirror
D:9:      minmay_quarter_circles, kennysheep_mini, minmay_splitting_lines,
          nicolae_alphabet_shops, uniq_joseph, uniq_maurice
D:10:     uniq_snorg
D:11:     serial_shops, shop, kennysheep_nub
D:13:     erik_vaults_2, minmay_misc_feat_chi, nicolae_tso_swordbearing_angel,
          uniq_urug
D:14:     cheibrodos_stairvault_heist, serial_shops, shop,
          hangedman_decor_diamond_cutter, minmay_holes
D:15:     hangedman_depths_entry_civil_slaughter, minmay_misc_feat_x,
          uniq_louise
Temple:   triangle_lava_temple_11
Lair:1:   portal_ice_cave_entry_pillars_01, small_statue_intersection
Lair:3:   ldierk_geyser
Lair:4:   elwin_shoals_entry_stream, uniq_sonja
Lair:5:   spider_nest_entry_a, pond
Lair:6:   dpeg_slime_entry_corner, beast_lair_carwin_2,
          infiniplex_staircase_pool_2, grunt_megastairs_2
Lair:7:   serial_bayou_lake_a, infiniplex_staircase_pool
Lair:8:   guppyfry_lair_end_dragon, kilobyte_rumbling_trees, grunt_megastairs_4,
          serial_bayou_shore_b, lemuel_fruit_fields
Orc:3:    nicolae_orc_pool_cavern
Orc:4:    st_orc_congregation, basic_altar
Abyss:1:  evilmike_abyss_exit_10
Abyss:2:  bh_abyss_exit_choice
IceCv:    ice_cave_statue_garden_02

Action                   |  1- 3 |  4- 6 |  7- 9 | 10-12 | 13-15 | 16-18 || total
-------------------------+-------+-------+-------+-------+-------+-------++-------
Melee: War axe           |   132 |   167 |       |   107 |  1398 |   273 ||  2077
       Hand axe          |       |    29 |   286 |   892 |    59 |    23 ||  1289
       Battleaxe         |       |       |       |       |    15 |       ||    15
Evoke: Wand              |       |       |       |       |       |     3 ||     3
  Use: Potion            |       |     1 |     1 |     2 |     2 |     1 ||     7
       Scroll            |       |       |     9 |     7 |    14 |       ||    30
  Eat: Chunk             |     1 |     6 |     9 |    27 |    33 |     4 ||    80
       Fruit             |       |       |     3 |     1 |     6 |       ||    10
       Pizza             |       |       |       |     1 |       |       ||     1
